AoeStats
← dashuaibi

Fortress

509563551Analyzed
4v4 RM · 5d ago on Sep 27, 2026· 29m 42s· 8 players
Game mode
Random Map
Map size
Huge
Population
200
Speed
Normal
Resources
Standard
Victory
Conquest
Starting age
Dark Age
Ending age
Imperial Age
RankedLock teamsTeams togetherTeam positionsShared explorationLock speedFull tech treeHidden civsTurbo modeCheats
Victory
Defeat
🇨🇳 Britons · China
1435
+13
🇨🇳 Persians · China
1398
+14
🇨🇳 Khmer · China
1354
+16
🇨🇦 Mongols · Canada
1268
+19
1358
-16
🇨🇳 Vietnamese · China
1354
-16
🇪🇪 Danes · Estonia
1350
-15
🇰🇬 Hindustanis · Kyrgyzstan
1345
-15
Persians
7:23 Feudal Age
9:12 Double-Bit Axe
9:39 Horse Collar
12:08 Castle Age
12:51 Heavy Plow
13:12 Bow Saw
15:30 Loom
16:08 Scale Mail Armor
18:42 Wheelbarrow
18:03 Town Watch
18:44 Chain Mail Armor
18:25 Gambesons
18:40 Squires
18:26 Arson
19:32 Forging
19:40 Hand Cart
20:29 Gold Mining
21:22 Iron Casting
22:20 Town Patrol
22:18 Stone Mining
24:11 Gold Shaft Mining
24:14 Stone Shaft Mining
27:12 Imperial Age
24:56 Hamask
27:25 Elite Jomsviking
28:27 Conscription
29:29 Plate Mail Armor
29:59 Blast Furnace
iiiiice
7:27 Feudal Age
9:07 Double-Bit Axe
12:07 Castle Age
9:50 Horse Collar
13:07 Heavy Plow
14:02 Wheelbarrow
19:17 Gold Mining
25:10 Imperial Age
23:14 Hand Cart
23:07 Scale Mail Armor
22:49 Pikeman
23:29 Squires
24:22 Chain Mail Armor
24:17 Forging
24:24 Bow Saw
24:28 Squires
24:49 Fletching
24:56 Elite Skirmisher
26:01 Bodkin Arrow
26:07 Padded Archer Armor
26:31 Ballistics
27:12 Chemistry
26:08 Imperial Skirmisher
26:59 Bracer
28:14 Two-Man Saw
French Connection
7:02 Feudal Age
7:08 Feudal Age
11:37 Castle Age
10:01 Double-Bit Axe
10:08 Stone Mining
11:11 Gold Mining
13:14 Wheelbarrow
13:04 Loom
15:11 Loom
16:04 Loom
16:45 Horse Collar
18:13 Fervor
20:41 Squires
21:14 Scale Mail Armor
21:33 Husbandry
27:19 Imperial Age
24:46 Arson
25:56 Bloodlines
26:39 Scale Barding Armor
26:44 Forging
27:44 Hand Cart
27:41 Bow Saw
28:09 Chain Barding Armor
28:02 Heavy Camel Rider
30:00 Iron Casting
30:41 Two-Man Saw
30:40 Plate Barding Armor
漠北万丈孤烟长河落日圆
7:15 Feudal Age
8:09 Double-Bit Axe
9:33 Horse Collar
12:22 Castle Age
13:27 Bow Saw
13:30 Heavy Plow
14:34 Loom
15:26 Wheelbarrow
19:20 Fletching
23:14 Gold Mining
24:05 Town Watch
30:02 Imperial Age
28:40 Hand Cart
28:17 Stone Mining
28:25 Treadmill Crane
28:57 Fortified Wall
29:09 Ballistics
HellSong
6:41 Feudal Age
10:55 Castle Age
9:09 Double-Bit Axe
9:32 Horse Collar
11:12 Loom
12:07 Wheelbarrow
12:12 Bow Saw
12:04 Heavy Plow
14:32 Gold Mining
17:27 Bloodlines
17:48 Husbandry
18:18 Town Watch
18:37 Fletching
19:37 Ballistics
21:24 Padded Archer Armor
24:38 Leather Archer Armor
26:08 Hand Cart
26:21 Thumb Ring
26:15 Bodkin Arrow
27:07 Stone Mining
31:13 Imperial Age
29:21 Fortified Wall
DGKR5507
6:53 Feudal Age
9:57 Castle Age
8:04 Double-Bit Axe
8:11 Horse Collar
12:04 Bow Saw
14:27 Heavy Plow
14:21 Loom
17:54 Gold Mining
17:56 Stone Mining
20:53 Gold Shaft Mining
23:09 Imperial Age
21:43 Wheelbarrow
21:22 Scale Barding Armor
22:21 Caravan
23:41 Forging
23:52 Chain Barding Armor
23:53 Bloodlines
24:47 Conscription
25:56 Husbandry
26:41 Double Crossbow
27:19 Elite Ballista Elephant
28:27 Capped Ram
dashuaibi
7:27 Feudal Age
11:26 Castle Age
9:36 Double-Bit Axe
9:37 Horse Collar
12:53 Bow Saw
17:00 Loom
17:56 Heavy Plow
19:02 Wheelbarrow
25:20 Imperial Age
22:36 Town Watch
23:44 Stone Mining
23:44 Gold Mining
24:46 Scale Mail Armor
24:53 Scale Barding Armor
24:59 Forging
25:00 Devotion
25:13 Bloodlines
25:11 Gold Mining
25:57 Stone Shaft Mining
26:40 Crop Rotation
27:43 Two-Man Saw
26:52 Husbandry
27:33 Iron Casting
27:41 Hand Cart
28:35 Conscription
29:03 Chain Barding Armor
29:44 Blast Furnace
安心
6:58 Feudal Age
10:55 Castle Age
9:55 Double-Bit Axe
9:51 Horse Collar
10:09 Gold Mining
11:07 Fletching
15:46 Bow Saw
18:35 Bodkin Arrow
23:16 Loom
24:26 Ballistics
24:11 Padded Archer Armor
30:55 Imperial Age
29:09 Wheelbarrow
29:50 Leather Archer Armor
Connection lost

Rejoining the realm…

Still unreachable

The connection could not be restored.

Session expired

The server has moved on; the page needs a fresh start.